 Dungeon Crawl Stone Soup version 0.29-a0-11-ga75d3d97ab (webtiles) character file.

Game seed: 3767453987060485977

47 testman the Chucker (level 3, 0/39 HPs)
             Began as an Ogre Hunter on Jan 28, 2022.
             Slain by an adder (2 damage)
             ... on level 2 of the Dungeon.
             The game lasted 00:03:05 (1288 turns).

testman the Chucker (Ogre Hunter)                   Turns: 1288, Time: 00:03:06

Health: 0/39       AC:  3    Str: 18    XL:     3   Next: 70%
Magic:  3/3        EV:  9    Int: 12    God:
Gold:   61         SH:  0    Dex:  9    Spells: 2/2 levels left

rFire   . . .      SeeInvis .   e - +0 hand axe (flame)
rCold   . . .      Faith    .   (no shield)
rNeg    . . .      Spirit   .   b - +0 robe
rPois   .          Reflect  .   (helmet restricted)
rElec   .          Harm     .   (no cloak)
rCorr   .          Rampage  .   (gloves unavailable)
Will    .....                   (boots unavailable)
Stlth   +.........              (no amulet)
HPRegen 0.13/turn               (no ring)
MPRegen 0.08/turn               (no ring)

@: no status effects
A: large, unfitting armour, tough skin 1
a: no special abilities


You were on level 2 of the Dungeon.
You visited 1 branch of the dungeon, and saw 2 of its levels.

You collected 61 gold pieces.

Inventory:

Hand Weapons
 a - a +0 short sword
 e - a +0 hand axe of flaming (weapon)
Missiles
 c - 5 large rocks (quivered)
 d - 2 throwing nets
 i - 49 stones
 j - 3 poisoned darts
Armour
 b - a +0 robe (worn)
Scrolls
 f - a scroll of immolation {unknown}
 g - a scroll of summoning {unknown}
 l - a scroll of blinking {unknown}
 m - a scroll of identify {unknown}
Potions
 h - a potion of resistance {unknown}
 k - a potion of ambrosia {unknown}


   Skills:
 + Level 4.1 Fighting
 + Level 4.6 Throwing
 - Level 1.7 Dodging
 - Level 0.6 Stealth


You had 2 spell levels left.
You didn't know any spells.
Your spell library contained the following spells:

 Spells                   Type           Power      Damage    Failure   Level
 Tukima's Dance           Hex            0%         N/A       69%         3
 Passage of Golubria      Tloc           0%         N/A       97%         4
 Yara's Violent Unravell  Hex/Tmut       0%         3d3       100%        5


Dungeon Overview and Level Annotations

Branches:
Dungeon (2/15)

Altars:

Shops:
D:1 [(::[


Innate Abilities, Weirdness & Mutations

You are too large for most types of armour.
You have tough skin. (AC +1)


Message History

The adder is severely wounded.
You feel sick. The adder bites you.
You barely miss the adder.
The adder is severely wounded.
You feel sick. The adder barely misses you.
The adder bites you but does no damage.
You closely miss the adder.
The adder is severely wounded.
You feel sick. The adder bites you.
You are more poisoned.
The adder poisons you! The adder barely misses you.
You are too injured to fight recklessly!
You are too injured to fight recklessly!
You are too injured to fight recklessly!
You are too injured to fight recklessly!
You hit the adder. You burn the adder.
The adder is almost dead.
You feel sick. The adder bites you. The adder bites you but does no damage.
You closely miss the adder.
The adder is almost dead.
You feel sick. The adder bites you but does no damage.
You closely miss the adder.
The adder is almost dead.
You feel sick. The adder bites you.
* * * LOW HITPOINT WARNING * * *
The adder bites you but does no damage.
You closely miss the adder.
The adder is almost dead.
You feel sick. The adder bites you.
* * * LOW HITPOINT WARNING * * *
The adder bites you but does no damage.
You closely miss the adder.
The adder is almost dead.
You feel sick.
You are no longer poisoned.
The adder barely misses you.
You miss the adder.
The adder is almost dead.
The adder barely misses you. The adder bites you.
You die...

## ## #.. ..
#######.###. #
#........... .#
#.#...#..#?###?.#
######.#...#._#......#
.......#...#..#.@S...#
.................)...#
..###................#
..# #..#......#...#..#
..###..#).....#.?.#...#
.......#......#.....#.#
....................#.#
#####....########.#.# #
###### ...#


You could see an adder.

Vanquished Creatures
  2 adders (D:2)
  A bat (D:1)
  2 endoplasms (D:2)
  7 goblins
  5 hobgoblins (D:1)
  A quokka (D:1)
  A ball python (D:1)
  2 frilled lizards (D:1)
  3 kobolds (D:1)
  3 rats
27 creatures vanquished.

Notes
Turn   | Place    | Note
-------+----------+-------------------------------------------
     0 | D:1      | testman the Ogre Hunter began the quest for the Orb.
     0 | D:1      | Reached XP level 1. HP: 22/22 MP: 1/1
   193 | D:1      | Found Bohoimatt's Antique Weapon Boutique.
   197 | D:1      | Found Kibuefoz's Book Boutique.
   210 | D:1      | Reached XP level 2. HP: 16/31 MP: 2/2
   364 | D:1      | Found Pukizos's Antique Armour Boutique.
   422 | D:1      | Found Oxaap's Book Boutique.
   480 | D:1      | Found Ostev's Armour Boutique.
   948 | D:2      | Reached XP level 3. HP: 39/39 MP: 3/3
  1264 | D:2      | Found a faded altar of an unknown god.
  1288 | D:2      | Slain by an adder

Illustrated notes

Levels and vault maps discovered:
D:1:      dpeg_arrival_simpleton_b, layout_basic, serial_shops,
          nicolae_lakefront_shop, nicolae_lakefront_shop, shop, shop,
          nicolae_shop_statue_plus, hangedman_decor_peaks_small
D:2:      layout_loops_cross, hellmonk_ecumenical_altar_lost_god

Skill      XL: |  1  2  3 |
---------------+----------+-----
Fighting       | 3 4 |  4.1
Throwing       | |  4.6
Dodging        | |  1.7
Stealth        | |  0.6

Action                   || total
-------------------------++-------
Melee: Hand axe          ||    69
Armor: Robe              ||    33
Dodge: Dodged            ||    29

Table legend: (Time is in decaauts)
 A = Elapsed time spent in this place.
 B = Non-inter-level travel time spent in this place.
 C = Inter-level travel time spent in this place.
 D = Time resting spent in this place.
 E = Time spent auto-exploring this place.
 F = Levels seen in this place.
 G = Mean time per level.
                   A        B        C        D        E       F      G
               +--------+--------+--------+--------+--------+-----+--------+
         Total |   1307 |   1263 |     44 |    244 |    811 |   2 |  653.5 |
       Dungeon |   1307 |   1263 |     44 |    244 |    811 |   2 |  653.5 |
               +--------+--------+--------+--------+--------+-----+--------+

Top non-repeatable levels by time:
     D:1: 943 daAuts
     D:2: 363 daAuts
